Map: El Dorado

Players

Imperius - Winner!

  • Race: Terran Terran
  • Spawn Location: 7:00

VOD

Have the link to the VOD?

Description

Time

  • Played on: April 26, 2025, 1:42 a.m.
  • Length: 17:10
Show
View Real Time Build Order
Export as new Build Order

Imperius Terran - Winner!

Build Orders:  

Get SALT Encoding   

  12  0:06  SCV  
  13  0:33  SCV  
  13  0:34  Supply Depot  
  14  0:45  Refinery  
  14  0:49  SCV  
  15  1:06  SCV  
  16  1:16  Supply Depot  
  16  1:40  Barracks  
  16  1:48  SCV  
  17  2:05  SCV  
  18  2:25  Refinery  
  18  2:38  SCV  
  19  2:46  Barracks  
  19  2:55  SCV  
  20  3:12  SCV  
  20  3:13  Command Center  
  21  3:29  Orbital Command  
  21  3:55  Barracks  
  21  4:07  SCV  
  22  4:24  SCV  
  23  4:41  SCV  
  24  4:58  SCV  
  25  5:10  Marine x3  
  28  5:35  Marine x3  
  31  5:48  Factory  
  31  5:59  Marine  
  31  6:00  Marine x2  
  34  6:14  SCV  
  35  6:24  Marine  
  35  6:25  Marine x2  
  38  6:31  SCV  
  39  6:48  SCV  
  39  6:49  Marine  
  42  6:50  Marine x2  
  43  7:03  Starport  
  43  7:05  SCV  
  44  7:14  Marine x2  
  44  7:17  Starport  
  46  7:29  Supply Depot  
  46  7:59  Marine x3, SCV  
  50  8:00  Supply Depot  
  50  8:02  Medivac  
  52  8:15  SCV  
  53  8:23  Marine  
  54  8:30  Marine x2, Medivac  
  54  8:31  Supply Depot  
  54  8:32  SCV  
  59  8:44  Medivac  
  59  8:48  Marine  
  62  9:01  Marine x2, SCV  
  62  9:09  Supply Depot  
  65  9:12  Medivac  
  65  9:13  Marine  
  65  9:18  SCV  
  69  9:26  Marine  
  70  9:39  Marine x2, SCV, Medivac  
  75  9:46  Supply Depot  
  75  9:51  Marine  
  75  9:56  SCV  
  77  10:04  Marine  
  78  10:16  Marine x2  
  78  10:17  Supply Depot  
  83  10:20  SCV  
  83  10:21  Medivac  
  83  10:22  Supply Depot  
  86  10:31  Refinery  
  86  10:39  Refinery  
  86  10:47  Marine x3, Supply Depot, SCV  
  90  10:56  Unknown  
  90  11:04  SCV  
  94  11:16  Unknown  
  97  11:21  SCV  
  98  11:38  SCV  
  99  11:54  SCV  
  100  12:02  Marine  
  100  12:03  Marine x2, Unknown  
  106  12:16  Unknown  
  110  12:27  Marine  
  110  12:31  Orbital Command  
  110  12:37  Marine  
  110  13:03  Unknown  
  110  13:13  Factory Tech Lab  
  110  13:16  Unknown  
  110  14:30  Marine  
  110  14:33  SCV  
  110  14:35  Marine  
  110  14:36  Marine  
  110  14:37  Unknown  
  110  15:01  Unknown  
  110  15:42  Unknown  
Tags
 
Matchup
Co-op
Add a new tag
Caveats
  • Supply blocks, unpowered buildings, or Contaminate may cause inaccurate times.
  • Supply counts are checked every 10 seconds.